 Dungeon Crawl Stone Soup version 0.22-a0-456-g11ed031 (webtiles) character file.

99 gmonis the Skirmisher (level 4, 0/37 HPs)
             Began as a Demonspawn Abyssal Knight on June 7, 2018.
             Was a Believer of Lugonu.
             Killed from afar by a white imp (3 damage)
             ... with a puff of frost
             ... summoned by Natasha
             ... on level 2 of the Dungeon.
             The game lasted 00:09:30 (2298 turns).

gmonis the Skirmisher (Demonspawn Abyssal Knight)   Turns: 2298, Time: 00:09:30

Health: 0/37       AC:  5    Str: 14    XL:     4   Next: 45%
Magic:  6/6        EV: 11    Int: 18    God:    Lugonu [**....]
Gold:   9          SH:  0    Dex: 12    Spells: 3/3 levels left

rFire    . . .     SeeInvis .   a - +1 spear
rCold    . . .     Gourm    .   (no shield)
rNeg     . . .     Faith    .   b - +0 leather armour
rPois    .         Spirit   .   (helmet restricted)
rElec    .         Reflect  .   (no cloak)
rCorr    .         Harm     .   l - +1 pair of gloves
MR       .....                  (no boots)
Stlth    +.........             (no amulet)
HPRegen  0.12/turn              (no ring)
MPRegen  0.10/turn              (no ring)

@: brilliant
A: antennae 1, powered by death 1
a: Depart the Abyss, Bend Space, Renounce Religion


You were on level 2 of the Dungeon.
You worshipped Lugonu.
Lugonu was pleased with you.
You were hungry.

You visited 1 branch of the dungeon, and saw 2 of its levels.
You visited the Abyss 1 time.

You collected 9 gold pieces.

Inventory:

Hand Weapons
 a - a +1 spear (weapon)
Missiles
 h - 48 stones (quivered)
Armour
 b - a +0 leather armour (worn)
 l - a +1 pair of gloves (worn)
Scrolls
 d - 2 scrolls of enchant weapon {unknown}
 e - a scroll of immolation {unknown}
 g - a scroll of enchant armour {unknown}
 i - a scroll of remove curse {unknown}
 n - a scroll of teleportation {unknown}
Potions
 f - a potion of mutation {unknown}
 j - a potion of curing {unknown}
 m - 2 potions of brilliance
Comestibles
 c - 3 rations


   Skills:
 + Level 3.8 Fighting
 + Level 3.0 Polearms
 + Level 2.1 Armour
 + Level 1.3 Dodging
 * Level 3.1 Invocations


You had 3 spell levels left.
You didn't know any spells.
Your spell library was empty.

Dungeon Overview and Level Annotations

Branches:
Dungeon (2/15)

Altars:

Annotations:
D:2 Natasha


Innate Abilities, Weirdness & Mutations

You have a pair of small antennae on your head.
You regenerate a little health from kills.


Message History

Natasha casts a spell at you. The magic dart hits you!
* * * LOW HITPOINT WARNING * * *
Natasha zaps a wand.
Some rock shatters into small pieces.
Natasha mumbles some strange words.
Natasha zaps a wand.
Some rock shatters into small pieces.
The crimson imp shouts, "Crawl home, thou fulsome common-kissing frater!"
The crimson imp disappears in a puff of smoke!
The white imp gestures at you. The puff of frost hits you!
* * * LOW HITPOINT WARNING * * *
The white imp gestures at you. The puff of frost hits you!
* * * LOW HITPOINT WARNING * * *
Found a ration.
It was a potion of brilliance.
You feel clever all of a sudden. The white imp gestures at you.
The puff of frost hits you!
You die...

.#.#%## .....
..........##....
.#...8...#.... ....8.8......
..8._.8.... ...8.8....
#...8....# ##..†....@# #####
#..###.##.#######...#
#.##..###.........##...#
#......##.........##...######
#####...#..h5.....#..........
#5.#.5........#..........
#..##..(......#..........
#..##.........#..........
#..##...+######..........


You could see Natasha and 2 white imps.

Vanquished Creatures
  Natasha (D:2)
  Robin (D:1)
  An adder (D:2)
  A dart slug (D:1)
  2 leopard geckos
  A ball python (D:1)
  A giant cockroach (D:2)
  8 goblins
  9 hobgoblins
  4 jackals (D:1)
  2 bats (D:1)
  6 frilled lizards
  6 kobolds
  5 rats
48 creatures vanquished.

Notes
Turn   | Place    | Note
-------+----------+-------------------------------------------
     0 | Abyss:1  | gmonis the Demonspawn Abyssal Knight began the quest for the Orb.
     0 | Abyss:1  | Reached XP level 1. HP: 18/18 MP: 2/2
    22 | D:1      | Escaped the Abyss
   106 | D:1      | Gained mutation: You have a pair of small antennae on your head. [demonic ancestry]
   106 | D:1      | Reached XP level 2. HP: 16/24 MP: 3/3
   389 | D:1      | Reached ** piety under Lugonu
   809 | D:1      | Reached skill level 1 in Dodging
  1244 | D:1      | Gained mutation: You regenerate a little health from kills. [demonic ancestry]
  1244 | D:1      | Reached XP level 3. HP: 29/29 MP: 5/5
  1432 | D:2      | Noticed Robin
  1788 | D:1      | Killed Robin
  1916 | D:2      | Reached XP level 4. HP: 32/37 MP: 6/6
  2035 | D:2      | Noticed Natasha
  2048 | D:2      | Killed Natasha
  2259 | D:2      | Found a faded altar of an unknown god.
  2261 | D:2      | Noticed Natasha
  2298 | D:2      | Killed from afar by a white imp

Vault maps used:
D:1:      minmay_arrival_arboretum_small
D:2:      cheibrodos_old_hovel, chequers_ecumenical_altar_simple_redux,
          uniq_natasha, uniq_robin, uniq_terence, uniq_crazy_yiuf_cottage

Skill      XL: |  1  2  3  4 |
---------------+-------------+-----
Polearms       | 2 3 |  3.0
Dodging        | 1 |  1.3
Armour         | 2 |  2.1
Invocations    | 3 |  3.1
Fighting       | |  3.8

Action                   |  1- 3 |  4- 6 || total
-------------------------+-------+-------++-------
Melee: Spear             |   140 |    34 ||   174
Invok: Bend Space        |       |     1 ||     1
  Use: Potion            |       |     1 ||     1
  Eat: Chunk             |     3 |     1 ||     4
Armor: Leather armour    |    28 |     6 ||    34
Dodge: Dodged            |    72 |    17 ||    89

Table legend:
 A = Spawn XP
 B = Non-spawn XP
 C = Spawn XP percentage of total XP
 D = Spawn monster count
 E = Non-spawn monster count
 F = Spawn count percentage of total count
 G = Total turns spent on level
                    A         B        C        D         E        F      G
               +---------+---------+-------+---------+---------+-------+---------
         Total |       0 |     142 |   0.0 |       0 |      48 |   0.0 |  2298
               +---------+---------+-------+---------+---------+-------+---------
           D:1 |       0 |      68 |   0.0 |       0 |      32 |   0.0 |  1803
           D:2 |       0 |      74 |   0.0 |       0 |      16 |   0.0 |   473
               +---------+---------+-------+---------+---------+-------+---------
